 Dungeon Crawl Stone Soup version 0.23-a0-577-g2b1de94 (webtiles) character file.

3849 Lanoc the Slicer (level 10, -9/68 HPs)
             Began as a Halfling Chaos Knight on Dec 14, 2018.
             Was a Plaything of Xom.
             Mangled by Grum
             ... wielding a +0 glaive
              (20 damage)
             ... on level 8 of the Dungeon.
             The game lasted 00:32:31 (7563 turns).

Lanoc the Slicer (Halfling Chaos Knight)            Turns: 7563, Time: 00:32:32

Health: -9/68      AC:  8    Str: 12 (13) XL:     10   Next: 41%
Magic:  20/20      EV: 18    Int: 11 (12) God:    Xom [......]
Gold:   251        SH:  0    Dex: 18      Spells: 9/9 levels left

rFire    . . .     SeeInvis .   D - +1 short sword of Okawaru's Generosity {pierce, rElec} (curse)
rCold    . . .     Gourm    .   (shield restricted)
rNeg     . . .     Faith    .   y - +3 leather armour of Generosity {rElec Regen+ MP+9 Int-2}
rPois    +         Spirit   .   (no helmet)
rElec    +         Reflect  .   (no cloak)
rCorr    .         Harm     .   (no gloves)
rMut     +                      (no boots)
MR       .....                  (no amulet)
Stlth    ++........             (no ring)
HPRegen  0.61/turn              (no ring)
MPRegen  0.17/turn

@: glowing
A: small, hooves 1, icy blue scales 1, clever 2, deterioration 1, high mp 1,
mutation resistance 3, sense surroundings 1, poison resistance, wild magic 2
a: Renounce Religion


You were on level 8 of the Dungeon.
You worshipped Xom.
You were a very special plaything of Xom.
You were not hungry.

You visited 2 branches of the dungeon, and saw 9 of its levels.
You also visited: Sewer.

You collected 251 gold pieces.

Inventory:

Hand Weapons
 a - a +0 short sword of chaos
 D - the cursed +1 short sword of Okawaru's Generosity (weapon) {pierce, rElec}
   (You found it on level 6 of the Dungeon)

   It inflicts extra damage upon your enemies.
   It insulates you from electricity.
   It has a curse placed upon it.
 E - the cursed +1 flail of Precise Incision {antimagic, +Blink rC+ MR- SInv, unknown}
   (You found it on level 6 of the Dungeon)

   It reduces the magical energy of the wielder, and disrupts the spells and
   magical abilities of those hit.
   Natural abilities and divine invocations are not affected.
   It protects you from cold.
   It affects your resistance to hostile enchantments.
   It lets you see invisible.
   It lets you blink.
   It has a curse placed upon it.
 H - a +2 short sword of holy wrath
Missiles
 t - 196 stones (quivered)
 v - 57 sling bullets
Armour
 j - a +10 plate armour of ponderousness
 y - the +3 leather armour of Generosity (worn) {rElec Regen+ MP+9 Int-2}
   (You took it off a wight on level 7 of the Dungeon)

   It affects your intelligence (-2).
   It insulates you from electricity.
   It affects your magic capacity (+9).
   It increases your rate of regeneration.
Magical Staves
 k - an uncursed staff of poison
Jewellery
 p - an uncursed ring of fire
 I - a +5 ring of dexterity
Wands
 C - a wand of paralysis (6)
Scrolls
 f - 3 scrolls of enchant armour
 g - 4 scrolls of teleportation
 i - 5 scrolls of identify
 l - 7 scrolls of remove curse
 q - 2 scrolls of amnesia
 r - a scroll of immolation {unknown}
 s - 2 scrolls of blinking
 w - 2 scrolls of magic mapping {unknown}
 B - a scroll of enchant weapon {unknown}
Potions
 d - 2 potions of curing
 e - 2 potions of heal wounds
 h - 4 potions of agility {unknown}
 m - a potion of ambrosia {unknown}
 n - 4 potions of cancellation {unknown}
 o - 3 potions of flight {unknown}
 u - 5 potions of berserk rage {unknown}
 x - a potion of lignification {unknown}
 z - 3 potions of brilliance {unknown}
 A - a potion of mutation {unknown}
Comestibles
 b - 5 chunks of flesh
 c - 13 rations


   Skills:
 + Level 5.6 Fighting
 * Level 9.8 Short Blades
 + Level 6.3 Armour
 + Level 5.8 Dodging
 * Level 9.2 Stealth


You had 9 spell levels left.
You didn't know any spells.
Your spell library was empty.

Dungeon Overview and Level Annotations

Branches:
Dungeon (8/15)             Temple (1/1) D:6
   Lair: D:8-11

Altars:
Ashenzari
Cheibriados
Elyvilon
Fedhas
Gozag
Hepliaklqana
Kikubaaqudgha
Makhleb
Nemelex Xobeh
Okawaru
Qazlal
Ru
Sif Muna
Trog
Uskayaw
Vehumet
Wu Jian
Xom
Yredelemnul
Zin
The Shining One

Shops:
D:4 [[*

Annotations:
D:3 Grinder
D:7 Harold
D:8 Grum


Innate Abilities, Weirdness & Mutations

You are small and have problems with some larger weapons.
You are almost entirely resistant to further mutation and mutation removal.
You have large cloven feet.
You are partially covered in icy blue scales. (AC +2)
Your mind is very acute. (Int +4)
Your body sometimes deteriorates upon taking damage.
You have an increased reservoir of magic. (+10% MP)
You passively map a small area around you.
Your system is resistant to poisons. (rPois)
Your spells are harder to cast, but more powerful.


Message History

Grum is severely wounded.
Grum completely misses you.
You hit Grum.
Grum is almost dead.
You barely miss Grum. Your kick misses Grum.
Grum is almost dead.
Grum closely misses you.
You closely miss Grum.
Grum is almost dead.
You hit Grum.
Grum is almost dead.
Grum hits you with a +0 glaive!
* * * LOW HITPOINT WARNING * * *
Your body deteriorates!
You feel weakened.
You closely miss Grum.
Grum is almost dead.
You barely miss Grum. Your kick misses Grum.
Grum is almost dead.
Grum hits you with a +0 glaive!!
You die...

##...##
#.P.P.#
##+#
#.._..###
#.P.P...#
*
#.......#
,
#.#####.#
#..* #.# ,
... #.# ##
* #g#
########@#
.........#
##########


You could see Grum.

Vanquished Creatures
  2 hippogriffs (D:7)
  A water moccasin (D:8)
  Duvessa (D:7)
  A sky beast (D:6)
  2 ogres
  A black bear (D:8)
  3 wolves (D:8)
  A necrophage (D:6)
  4 centaurs
  4 big kobolds
  3 bullfrogs
  Dowan (D:7)
  3 howler monkeys (D:7)
  10 wights
  2 crimson imps
  2 bullfrog zombies (D:6)
  2 centaur zombies
  4 hounds
  A jelly (D:6)
  A bullfrog skeleton (D:5)
  A gnoll shaman (D:5)
  3 orc priests (D:6)
  3 iguanas
  3 worker ants
  An orc wizard (D:6)
  A worker ant zombie (D:7)
  8 adders
  4 gnolls (D:5)
  4 river rats (Sewer)
  A shadow imp (D:5)
  8 oozes
  An adder skeleton (D:4)
  7 worms
  3 dart slugs
  4 leopard geckos
  25 orcs
  8 giant cockroaches
  2 goblins
  10 hobgoblins
  10 jackals
  12 kobolds
  6 quokkas
  9 ball pythons
  10 bats
  3 frilled lizards
  2 goblin skeletons (D:5)
  2 hobgoblin zombies (D:5)
  2 orc skeletons (D:5)
  3 orc zombies (D:5)
  A quokka zombie (D:8)
  8 rats
214 creatures vanquished.

Vanquished Creatures (collateral kills)
  A hippogriff (D:8)
  An ice beast (D:5)
  An ogre (D:8)
  A jelly (D:5)
  3 gnolls (D:4)
7 creatures vanquished.

Vanquished Creatures (others)
  An ice beast (D:6)
1 creature vanquished.

Grand Total: 222 creatures vanquished

Notes
Turn   | Place    | Note
-------+----------+-------------------------------------------
     0 | D:1      | Lanoc the Halfling Chaos Knight began the quest for the
                  | Orb.
     0 | D:1      | Reached XP level 1. HP: 15/15 MP: 1/1
    79 | D:1      | Reached XP level 2. HP: 12/20 MP: 2/2
    96 | D:1      | Reached skill level 1 in Stealth
   149 | D:1      | XOM: silly message
   215 | D:1      | XOM: harmless Hex miscast
   322 | D:1      | Reached XP level 3. HP: 21/25 MP: 3/3
   493 | D:1      | XOM: give mutations
   493 | D:1      | Gained mutation: You passively map a small area around you.
                  | [Xom's grace]
   493 | D:1      | Gained mutation: You are somewhat resistant to both further
                  | mutation and mutation removal. [Xom's grace]
   493 | D:1      | Gained mutation: You have an increased reservoir of magic.
                  | (+10% MP) [Xom's grace]
   493 | D:1      | Gained mutation: Your mind is acute. (Int +2) [Xom's grace]
   615 | D:1      | XOM: god gift: knobbly runed staff {god gift}
   656 | D:1      | XOM: give mutations
   656 | D:1      | Gained mutation: You expend magic power (3 MP) to
                  | strengthen your wands. [Xom's grace]
   656 | D:1      | Gained mutation: Your system is resistant to poisons.
                  | (rPois) [Xom's grace]
   656 | D:1      | Gained mutation: You are almost entirely resistant to
                  | further mutation and mutation removal. [Xom's grace]
   656 | D:1      | Gained mutation: Your spells are a little harder to cast,
                  | but a little more powerful. [Xom's grace]
   662 | D:1      | XOM: god gift: inky potion {god gift}
   928 | D:2      | XOM: stealth player
   935 | D:2      | XOM: butterfly on damage
  1083 | D:2      | Reached XP level 4. HP: 30/30 MP: 4/4
  1132 | D:2      | XOM: scenery: create altars
  1616 | D:2      | XOM: give mutation
  1616 | D:2      | Gained mutation: Your mind is very acute. (Int +4) [Xom's
                  | grace]
  2026 | D:3      | Found a shattered altar of Ashenzari.
  2067 | D:3      | Reached XP level 5. HP: 29/36 MP: 5/5
  2414 | D:3      | Noticed a centaur
  2432 | D:3      | Killed a centaur
  2432 | D:3      | Reached skill level 5 in Short Blades
  2432 | D:3      | Reached XP level 6. HP: 20/42 MP: 6/6
  2544 | D:3      | Noticed Grinder
  2923 | D:3      | XOM: god gift: 12 stones
  2970 | D:4      | Found Ruahen's Antique Armour Shop.
  3000 | D:4      | Found a shimmering altar of Xom.
  3025 | D:4      | Found Doathit's Armour Boutique.
  3183 | D:4      | XOM: 5-stop teleportation journey
  3215 | D:4      | Found a sparkling altar of Nemelex Xobeh.
  3257 | D:4      | XOM: summons friendly chaos spawn
  3413 | D:4      | Found Vouvud's Assorted Antiques.
  3580 | D:5      | Entered Level 5 of the Dungeon
  3586 | D:5      | Found a glowing golden altar of the Shining One.
  3655 | D:5      | Found a hide-covered altar of Uskayaw.
  3683 | D:5      | XOM: cleaving
  3686 | D:5      | Found a stormy altar of Qazlal.
  3699 | D:5      | Reached XP level 7. HP: 38/46 MP: 7/7
  3789 | D:5      | Found a sacrificial altar of Ru.
  3806 | D:5      | Identified a scroll of acquirement
  3825 | D:5      | Found a glowing drain.
  3825 | D:5      | Found a snail-covered altar of Cheibriados.
  3825 | D:5      | XOM: 4-stop teleportation journey
  3859 | D:5      | XOM: summons friendly rust devil
  3882 | D:5      | XOM: butterfly on damage
  3894 | D:5      | Reached skill level 5 in Stealth
  3908 | Sewer    | Entered a sewer
  4002 | Sewer    | XOM: give mutations
  4002 | Sewer    | Gained mutation: Your spells are harder to cast, but more
                  | powerful. [Xom's grace]
  4002 | Sewer    | Gained mutation: You are agile. (Dex +2) [Xom's grace]
  4002 | Sewer    | Gained mutation: You are partially covered in icy blue
                  | scales. (AC +2) [Xom's grace]
  4147 | Sewer    | Reached XP level 8. HP: 51/54 MP: 8/8
  4600 | Sewer    | XOM: summons 2 friendly demons
  4759 | D:5      | XOM: cleaving
  4762 | D:5      | XOM: summons 4 friendly demons
  4906 | D:5      | XOM: scenery: create altars
  5077 | D:5      | XOM: give mutations
  5077 | D:5      | Gained mutation: Your body sometimes deteriorates upon
                  | taking damage. [Xom's mischief]
  5077 | D:5      | Lost mutation: You are agile. (Dex +2) [Xom's mischief]
  5077 | D:5      | Lost mutation: You expend magic power (3 MP) to strengthen
                  | your wands. [Xom's mischief]
  5283 | D:6      | Found a deep blue altar of Sif Muna.
  5395 | D:6      | Got a twisted short sword
  5427 | D:6      | XOM: cleaving
  5433 | D:6      | Reached XP level 9. HP: 42/58 MP: 9/9
  5439 | D:6      | Identified the cursed +1 short sword of Okawaru's
                  | Generosity {pierce, rElec} (You found it on level 6 of the
                  | Dungeon)
  5546 | D:6      | XOM: summons friendly iron imp
  5626 | D:6      | Got a dazzling flail
  5653 | D:6      | Found a staircase to the Ecumenical Temple.
  5662 | Temple   | Entered the Ecumenical Temple
  5675 | Temple   | Reached skill level 5 in Armour
  6204 | D:6      | XOM: harmless Tmut miscast
  6219 | D:6      | XOM: chaos cloud
  6285 | D:6      | XOM: divine lightning
  6318 | D:6      | XOM: cast spell 'Alistair's Intoxication'
  6422 | D:6      | XOM: god gift: rapier {god gift}
  6583 | D:6      | XOM: give mutation
  6583 | D:6      | Gained mutation: You have large cloven feet. [Xom's grace]
  6604 | D:6      | XOM: scenery: create altars
  6628 | D:6      | XOM: fog
  6629 | D:6      | XOM: scenery: create altars
  6725 | D:6      | Found a hazy altar of Hepliaklqana.
  6725 | D:6      | Found a glowing golden altar of the Shining One.
  6818 | D:6      | XOM: divination: detect items
  6855 | D:7      | Reached skill level 5 in Dodging
  6861 | D:7      | Reached skill level 5 in Fighting
  6867 | D:7      | XOM: silly message
  6881 | D:7      | Identified the +3 leather armour of Generosity {rElec
                  | Regen+ MP+9 Int-2}
  6943 | D:7      | Noticed Dowan
  6946 | D:7      | Noticed Duvessa
  6955 | D:7      | XOM: potion effect (haste)
  6992 | D:7      | Killed Duvessa
  7001 | D:7      | Killed Dowan
  7027 | D:7      | Noticed a hippogriff
  7033 | D:7      | Killed a hippogriff
  7033 | D:7      | Reached XP level 10. HP: 61/65 MP: 11/11
  7037 | D:7      | Found a sacrificial altar of Ru.
  7043 | D:7      | Noticed Harold
  7065 | D:7      | XOM: potion effect (invisibility)
  7081 | D:7      | XOM: 2-stop teleportation journey
  7151 | D:7      | Found a glowing silver altar of Zin.
  7152 | D:7      | Noticed an angel
  7239 | D:7      | XOM: enchant monster (bad)
  7446 | D:8      | Found a burning altar of Makhleb.
  7451 | D:8      | Noticed Grum
  7454 | D:8      | XOM: confusion (+ monsters)
  7481 | D:8      | XOM: confusion (+ monsters)
  7486 | D:8      | XOM: enchant monster (good)
  7516 | D:8      | Found a blossoming altar of Fedhas.
  7519 | D:8      | XOM: mild Chrm miscast
  7521 | D:8      | XOM: enchant monster (bad)
  7549 | D:8      | XOM: noise
  7563 | D:8      | Mangled by Grum

Vault maps used:
D:1:      lemuel_arrival_river_ford, kennysheep_small_spiral
D:2:      serial_forest, infiniplex_forest_clump_large, infiniplex_forest_end_2,
          infiniplex_forest_diagonal, infiniplex_forest_lined_3,
          infiniplex_forest_lined_2, infiniplex_forest_lined_4_way,
          infiniplex_forest_end_1, minmay_vboxes
D:3:      cheibrodos_ashenzari_chains, uniq_grinder
D:4:      overflow_temple_1_default, lemuel_round_altar, serial_shops, shop,
          shop, nicolae_shop_stone
D:5:      nicolae_qazlal_eye_of_the_storm, eat_drink_and_be_merry_uskayaw,
          lemuel_doored_altar, cheibriados_altar_1, portal_sewer_entry_a,
          first_ration, st_stairs_9, serial_bayou_ford_a,
          nicolae_tso_besieged_by_evil
D:6:      gammafunk_temple_overflow_elements, minmay_temple_entry_glassed_door,
          basic_altar
D:7:      zin_angel, basic_altar, uniq_harold, uniq_duvessa
D:8:      overflow_temple_1_default, lemuel_crystal_altar, fedhas_altar_1,
          ebering_ghost_gozag, uniq_pikel, uniq_grum
Temple:   compressed_dpeg_triangle_lava_temple
Sewer:    sewer_co_tree

Skill      XL: |  1  2  3  4  5  6  7  8  9 10 |
---------------+-------------------------------+-----
Stealth        | 1 2 3 4 5 6 8 9 |  9.2
Short Blades   | 4 5 6 7 9 |  9.8
Fighting       | 3 4 5 |  5.6
Dodging        | 2 3 4 5 |  5.8
Armour         | 3 4 5 6 |  6.3

Action                   |  1- 3 |  4- 6 |  7- 9 | 10-12 || total
-------------------------+-------+-------+-------+-------++-------
Melee: Short sword       |    93 |   194 |   737 |   118 ||  1142
       Kick              |       |       |    36 |    53 ||    89
  Use: Scroll            |       |     6 |     3 |       ||     9
       Potion            |       |       |     1 |     2 ||     3
 Stab: Sleeping          |     6 |     7 |     8 |     6 ||    27
       Paralysed         |       |     3 |     2 |       ||     5
       Petrifying        |       |       |     2 |       ||     2
       Confused          |       |       |     1 |     2 ||     3
       Invisible         |       |       |       |     1 ||     1
  Eat: Chunk             |     1 |     8 |     9 |     1 ||    19
       Ration            |       |       |     1 |       ||     1
Armor: Leather armour    |    20 |    50 |   118 |    23 ||   211
Dodge: Dodged            |    54 |   118 |   382 |    88 ||   642

Table legend:
 A = Non-vault XP
 B = Vault XP
 C = Vault XP percentage of total XP
 D = Non-vault monster count
 E = Vault monster count
 F = Vault count percentage of total count
                 A         B        C        D         E       F
            +---------+---------+-------+---------+---------+-------
      Total |    4456 |    1043 |  19.0 |     167 |      55 |  24.8
            +---------+---------+-------+---------+---------+-------
        D:1 |      48 |       0 |   0.0 |      29 |       0 |   0.0
        D:2 |      61 |      15 |  19.7 |      19 |       6 |  24.0
        D:3 |     189 |       0 |   0.0 |      18 |       0 |   0.0
        D:4 |     123 |       0 |   0.0 |       7 |       0 |   0.0
        D:5 |     784 |      73 |   8.5 |      26 |      16 |  38.1
        D:6 |    1285 |       0 |   0.0 |      37 |       0 |   0.0
        D:7 |    1200 |     232 |  16.2 |      16 |       2 |  11.1
        D:8 |     704 |     266 |  27.4 |      13 |       3 |  18.8
     Temple |      62 |       0 |   0.0 |       2 |       0 |   0.0
      Sewer |       0 |     457 | 100.0 |       0 |      28 | 100.0
            +---------+---------+-------+---------+---------+-------
